 Dungeon Crawl Stone Soup version 0.19-a0-1216-g363869b (webtiles) character file.

130 inmateoo the Insei (level 5, -2/26 HPs)
             Began as a Vine Stalker Transmuter on Aug 23, 2016.
             Succumbed to Crazy Yiuf's poison
             ... on level 3 of the Dungeon.
             The game lasted 00:02:46 (2653 turns).

inmateoo the Insei (Vine Stalker Transmuter)        Turns: 2653, Time: 00:02:46

Health: -2/26      AC:  4    Str: 13    XL:     5   Next: 14%
Magic:  0/9        EV: 12    Int: 17    God:
Gold:   274        SH:  0    Dex: 15    Spells: 3 memorised, 3 levels left

rFire  . . .     SeeInvis .       - Unarmed
rCold  . . .     Gourm    .     b - +1 robe
rNeg   . . .     Faith    .     (no shield)
rPois  .         Spirit   +     (no helmet)
rElec  .         Dismiss  .     w - +0 cloak
rCorr  .         Reflect  .     (no gloves)
MR     .....     Harm     .     (no boots)
Stlth  +.........               (no amulet)
                                n - +4 ring of intelligence
                                l - +4 ring of slaying

@: lethally poisoned (-2 -> -29), very slightly contaminated
A: fangs 2, regeneration 1, magic shield, antimagic bite, no device heal 3, rot
immunity
a: no special abilities


You were on level 3 of the Dungeon.
You were hungry.

You visited 1 branch of the dungeon, and saw 3 of its levels.

You collected 274 gold pieces.

Inventory:

Missiles
 a - 29 arrows
 u - a throwing net (quivered)
Armour
 b - a +1 robe (worn)
 w - a +0 cloak (worn)
Jewellery
 l - a +4 ring of slaying (left hand)
 n - a +4 ring of intelligence (right hand)
Scrolls
 f - 2 scrolls of enchant armour
 h - 2 scrolls of remove curse
 r - a scroll of identify
 s - a scroll of noise {unknown}
 t - a scroll of magic mapping {unknown}
Potions
 e - a potion of heal wounds {unknown}
 g - a potion of curing {unknown}
 k - a potion of might {unknown}
 m - a potion of beneficial mutation {unknown}
 o - 2 potions of agility
 q - a potion of invisibility
 v - a potion of haste {unknown}
Books
 c - a book of Changes

   Spells                             Type                      Level
   a - Beastly Appendage              Transmutation                1
   b - Sticks to Snakes               Transmutation                2
   c - Spider Form                    Transmutation/Poison         3
   d - Ice Form                       Ice/Transmutation            4
   e - Blade Hands                    Transmutation                5
Comestibles
 d - 3 bread rations
 i - 2 meat rations
 j - a royal jelly
 p - a slice of pizza


   Skills:
 + Level 2.1 Fighting
 + Level 1.9 Dodging
 + Level 4.8 Unarmed Combat
 + Level 2.5 Spellcasting
 - Level 2.0 Transmutations


You had 3 spell levels left.
You knew the following spells:

 Your Spells              Type           Power        Failure   Level  Hunger
a - Beastly Appendage     Tmut           #.....       10%         1    #......
b - Sticks to Snakes      Tmut           #.......     14%         2    ##.....
c - Spider Form           Tmut/Pois      #.........   38%         3    ###....


Dungeon Overview and Level Annotations

Branches:
Dungeon (3/15)

Altars:

Annotations:
D:3 Crazy Yiuf


Innate Abilities, Weirdness & Mutations

You have extremely sharp teeth.
Your natural rate of healing is unusually fast.
When hurt, damage is shared between your health and your magic reserves.
Your bite disrupts and absorbs the magic of your enemies.
Potions and wands cannot restore your health.
You are immune to rotting.


Message History

Nothing appears to happen.
Crazy Yiuf closely misses you.
Unknown command.
Casting: Spider Form
Confirm with . or Enter, or press ? or * to list all spells.
You miscast Spider Form.
Nothing appears to happen.
Crazy Yiuf cries, "Tonal!
Lay ena senile."
Crazy Yiuf hits you with a quarterstaff of chaos!
You are poisoned.
Unknown command.
You hit Crazy Yiuf. You bite Crazy Yiuf. You drain his power.
You feel invigorated.
Crazy Yiuf is moderately wounded.
You feel sick.
Crazy Yiuf hits you with a quarterstaff of chaos!
* * * LOW HITPOINT WARNING * * *
You are more poisoned.
Okay, then.
* * * LOW HITPOINT WARNING * * *
You feel very sick.
You die...

#.#..#.# ##'##
#.#†.#.# ##.#
#.#..#.# #)##
#.#..#.# ##.#
#.#..#.# #.##
#.#..#.# ##)##
#.####.########
#)..##
#.............#
#....#
#.###########@#
#....# ###
#.###....#
#.g......#
#####...##
#####


You could see Crazy Yiuf.

Vanquished Creatures
  3 adders (D:3)
  A shadow imp (D:3)
  2 worms (D:2)
  4 giant geckos
  7 orcs (D:3)
  5 giant cockroaches
  9 goblins
  5 hobgoblins
  10 jackals
  2 quokkas (D:2)
  A ball python (D:2)
  10 bats
  3 giant newts
  6 kobolds
  7 rats
75 creatures vanquished.

Notes
Turn   | Place    | Note
-------+----------+-------------------------------------------
     0 | D:1      | inmateoo the Vine Stalker Transmuter began the quest for the Orb.
     0 | D:1      | Reached XP level 1. HP: 9/9 MP: 4/4
   113 | D:1      | Reached XP level 2. HP: 6/14 MP: 6/6
   925 | D:1      | Reached skill level 4 in Unarmed Combat
  1091 | D:1      | Reached XP level 3. HP: 17/17 MP: 7/7
  1133 | D:2      | Reached skill level 1 in Fighting
  1137 | D:2      | Learned a level 2 spell: Sticks to Snakes
  1141 | D:2      | Learned a level 3 spell: Spider Form
  1580 | D:2      | Gained mutation: Your natural rate of healing is unusually fast. [Vine Stalker growth]
  1580 | D:2      | Reached XP level 4. HP: 22/22 MP: 8/8
  2205 | D:3      | Reached XP level 5. HP: 26/26 MP: 9/9
  2555 | D:3      | Found a runed door.
  2564 | D:3      | Noticed Crazy Yiuf
  2652 | D:3      | HP: 1/26 [poisoned by Crazy Yiuf]
  2653 | D:3      | Succumbed to Crazy Yiuf's poison

Vault maps used:
D:1:      eino_arrival_druids_welcome
D:2:      due_unseen_surprise
D:3:      first_bread, uniq_crazy_yiuf_cottage

Skill      XL: |  1  2  3  4 |
---------------+-------------+-----
Unarmed Combat | 4 |  4.8
Fighting       | 1 2 |  2.1
Dodging        | |  1.9
Spellcasting   | |  2.5
Transmutations | |  2.0

Action                   |  1- 3 |  4- 6 || total
-------------------------+-------+-------++-------
Melee: Unarmed           |    90 |    57 ||   147
       Bite              |    16 |    15 ||    31
       Headbutt          |     2 |       ||     2
       Punch             |     1 |     1 ||     2
       Kick              |     1 |       ||     1
 Cast: Beastly Appendage |     2 |     1 ||     3
       Sticks to Snakes  |       |     2 ||     2
  Use: Scroll            |     5 |       ||     5
 Stab: Sleeping          |     1 |     1 ||     2
  Eat: Chunk             |     2 |     3 ||     5
Armor: Robe              |    29 |    11 ||    40
Dodge: Dodged            |    52 |    41 ||    93
